[Event "German Bundesliga 2024-25"]
[Site "Germany"]
[Date "2024.12.01"]
[Round "4.14"]
[White "Hoffmann, Paul"]
[Black "Movsesian, Sergei"]
[Result "0-1"]
[Annotator "TA"]
[ECO "B29"]
[WhiteElo "2375"]
[BlackElo "2609"]
[PlyCount "60"]
[EventDate "2024.09.27"]
[EventType "team-tourn"]
[EventCountry "GER"]
[SourceTitle "playchess.com"]
[Source "ChessBase"]
[SourceQuality "1"]
[WhiteTeam "TU Dresden"]
[BlackTeam "Baden-Baden"]
[TimeControl "40/5400+30:1800+30"]

1. e4 c5 2. Nf3 Nc6 3. g3 Nf6 4. Nc3 d5 5. exd5 Nxd5 6. Bg2 g6 7. O-O Bg7 8. Re1 {[%emt 0:06:29] The position is equal.} Nc7 9. d3 O-O 10. Nd2 Bd7 11. Nc4 Qc8 12. Ne3 Re8 13. Ne4 b6 14. c3 Qa6 15. Bf1 (15. a4 $11) 15... Qb7 16. Bg2 Rad8 17. a3 Qa6 {[%emt 0:01:34] Strongly threatening ...Ne5.} 18. Bf1 (18. f4 $11) 18... Qc8 19. b4 Ne5 20. f4 {[%emt 0:05:45] [#]} Bc6 $1 21. fxe5 {[%emt 0:03:52] Black must now prevent Ng4.} Bxe4 22. Qc2 Ba8 23. bxc5 Bxe5 24. d4 {[%emt 0:06:09] cxb6 is the strong threat.} Bg7 25. cxb6 axb6 26. Bb2 e5 27. Rad1 Bf3 28. Rc1 Ne6 ({Don't play} 28... exd4 $6 29. cxd4 Bh6 30. Qf2 Rxe3 31. Rxe3 $11) 29. Qf2 Bb7 {[%emt 0:00:31] And now ...f5 would win. Black is more active.} 30. Bb5 $2 {[%emt 0:00:59][%mdl 8192] [#]} (30. d5 $17 Bxd5 31. Nxd5 Rxd5 32. c4) 30... Ng5 $1 {[%emt 0:00:22] Weighted Error Value: White=0.35/Black=0.07 (flawless) .  Loses game:     	White=1     	---        Mistake:       	White=2     	---        Inaccurate:     	White=1     	Black=2      OK:         	White=8     	Black=13     Best:        	White=1     	Black=2} 0-1

[Event "German Bundesliga 2024-25"]
[Site "Germany"]
[Date "2024.12.01"]
[Round "4.15"]
[White "Meier, Georg"]
[Black "Babula, Vlastimil"]
[Result "1/2-1/2"]
[Annotator "RC"]
[ECO "A08"]
[WhiteElo "2603"]
[BlackElo "2496"]
[PlyCount "41"]
[EventDate "2024.09.27"]
[EventType "team-tourn"]
[EventCountry "GER"]
[SourceTitle "playchess.com"]
[Source "ChessBase"]
[SourceQuality "1"]
[WhiteTeam "Viernheim"]
[BlackTeam "Werder Bremen"]
[TimeControl "40/5400+30:1800+30"]

1. Nf3 d5 2. g3 Nf6 3. Bg2 c5 4. O-O e6 5. d3 Nc6 6. e4 Be7 7. Bf4 O-O 8. a4 dxe4 9. dxe4 Nxe4 10. Ne5 Nxe5 11. Bxe5 Bf6 12. f4 Bxe5 13. Qxd8 Rxd8 14. fxe5 f5 15. Bxe4 fxe4 16. Nc3 e3 17. Rae1 Bd7 18. Rxe3 Bc6 19. Ne4 Bxe4 20. Rxe4 Rd2 21. Rf2 1/2-1/2

[Event "German Bundesliga 2024-25"]
[Site "Germany"]
[Date "2024.12.01"]
[Round "4.15"]
[White "Miljkovic, Miroslav D"]
[Black "Feygin, Michael"]
[Result "0-1"]
[Annotator "TA"]
[ECO "A61"]
[WhiteElo "2422"]
[BlackElo "2448"]
[PlyCount "168"]
[EventDate "2024.09.27"]
[EventType "team-tourn"]
[EventCountry "GER"]
[SourceTitle "playchess.com"]
[Source "ChessBase"]
[SourceQuality "1"]
[WhiteTeam "Deggendorf"]
[BlackTeam "Muelheim Nord"]
[TimeControl "40/5400+30:1800+30"]

1. d4 Nf6 2. c4 c5 3. d5 e6 4. Nc3 exd5 5. cxd5 d6 6. Nf3 g6 7. Bf4 a6 8. a4 Bg7 9. h3 O-O 10. e3 Re8 {[%emt 0:00:07] A61: Modern Benoni: Nf3 without early e4.} 11. Nd2 Nbd7 12. Be2 Ne5 13. Bh2 Qe7 14. O-O Nfd7 15. Qc2 f5 16. Rae1 Nf6 17. Kh1 Rb8 18. Nc4 $146 ({Predecessor:} 18. f4 Nf7 19. Bd3 Bd7 20. e4 fxe4 21. Ndxe4 Nxe4 22. Nxe4 Bf5 23. b3 Bxe4 24. Rxe4 {1-0 Hansen,E (2584)-Chiku Ratte,O (2413) Quebec Carnaval 2016 (5)}) 18... Nxc4 19. Bxc4 Ne4 20. a5 b5 21. axb6 Rxb6 22. Nxe4 fxe4 23. b3 Bd7 24. f3 Bb5 25. Bxb5 axb5 26. fxe4 Qxe4 27. Qd1 Ra6 28. Rf4 Qe7 29. Qd3 Ra5 30. Rf3 b4 31. Ref1 Be5 32. Bf4 Bxf4 33. exf4 Qe4 34. Qxe4 Rxe4 35. f5 g5 36. Rg3 h6 37. Rg4 Rxg4 38. hxg4 Ra3 39. Rb1 Kf7 40. Kg1 Kf6 41. Kf2 Ra2+ 42. Kf3 Rd2 43. Re1 Rxd5 44. Re6+ Kg7 45. Rg6+ Kh7 46. Re6 Rd3+ 47. Ke4 Rd4+ (47... Rxb3 48. Re7+ Kg8 49. f6 $18) 48. Ke3 Rxg4 49. Rxd6 Rxg2 50. Rd7+ Kg8 51. Rc7 $2 (51. Ke4 Re2+ 52. Kf3) 51... Rg4 $19 52. Rxc5 Rf4 53. Rc6 Kg7 (53... Rxf5 54. Rxh6 Kg7 55. Rb6 $17) 54. Rg6+ Kh7 55. Rf6 Kg7 $2 (55... h5 $19 56. Rf7+ Kg8) 56. Rg6+ $15 Kh7 $2 (56... Kf7 $15 57. Rxh6 Rxf5) 57. Rf6 $1 $19 h5 58. Rf7+ Kg8 59. Rf6 Kh7 $2 (59... Rg4 60. Kf3 Kg7) 60. Rf7+ $19 Kg8 $2 (60... Kh8 61. f6 h4) 61. Rf6 $1 $19 Rg4 62. Kf3 Kg7 63. Rg6+ Kf7 64. Rb6 Rf4+ 65. Kg2 h4 (65... Rxf5 $2 66. Rxb4 Rd5 67. Rc4 $19) 66. Kh2 Rxf5 67. Rxb4 Kg6 68. Rc4 Rf2+ 69. Kg1 Rb2 70. b4 Kh5 (70... h3 $142 71. b5 Kh5 (71... Rxb5 $2 72. Kh2 $19) 72. Rc8 g4 (72... Rxb5 $2 73. Kh2 $19) 73. Rh8+ Kg5 74. b6 Kf4 (74... Rxb6 $2 75. Kf2 $19) 75. b7 Rb1+ (75... Rxb7 $2 76. Rf8+ Kg3 77. Rf1 $19) 76. Kf2 g3+ (76... Rxb7 77. Rf8+ Kg5 78. Rg8+ Kf5 79. Rf8+ Kg6 80. Kg3 $15) 77. Ke2 Rb2+ (77... Rxb7 $2 78. Rh4+ Kg5 79. Rxh3 $19) 78. Kd3 h2 (78... Rxb7 $2 79. Kd4 $19) 79. Rf8+ Kg4 80. Rg8+ Kf3 81. Ra8 Rxb7 (81... h1=R $2 82. Rf8+ Kg4 83. b8=Q $19) 82. Rh8 Kg2 83. Kc4 h1=Q (83... h1=R {is a self mate.} 84. Rg8 Rh4+ 85. Kc5 Kh2 86. Rf8 g2 87. Rg8 g1=Q+ 88. Rxg1 Kxg1 89. Kc6 Rb2 90. Kd6 Rb5 91. Kc6 Rhh5 92. Kc7 Rh6 93. Kd8 Rh7 94. Kc8 Kh2 95. Kd8 Rb8#) 84. Rxh1 Kxh1 85. Kd5 g2 86. Kc6 Rh7 (86... g1=R {gets mated.} 87. Kxb7 Rg6 88. Kc7 Kg2 89. Kd7 Kg3 90. Ke7 Kf4 91. Kf7 Rd6 92. Ke7 Ke5 93. Kf7 Re6 94. Kg7 Kf5 95. Kf7 Re5 96. Kg7 Re7+ 97. Kf8 Kf6 98. Kg8 Re8+ 99. Kh7 Rf8 100. Kh6 Rh8#) 87. Kd6 g1=Q (87... g1=B 88. Ke6 Kg2 89. Ke5 Kf3 90. Kd5 Kf4 91. Kd6 Ke4 92. Ke6 Rh6+ 93. Kf7 Bd4 94. Ke8 Kd5 95. Kd8 Rh7 96. Kc8 Bb6 97. Kb8 Kc6 98. Kc8 Rh8#) 88. Ke5 Qg5+ 89. Ke6 Rh6+ 90. Kf7 Rf6+ 91. Ke8 Qg7 92. Kd8 Rf8#) 71. Rd4 h3 72. b5 g4 73. Rd5+ Kh4 74. Rd4 Rxb5 75. Kh2 Rb2+ 76. Kg1 Kg5 77. Rd5+ Kf4 78. Rd4+ Kf5 79. Rd3 Ke4 80. Rc3 Rd2 81. Rg3 Kf4 82. Ra3 g3 83. Ra1 Ke3 84. Ra3+ {[%emt 0:00:13] [#]} Rd3 $1 0-1

[Event "German Bundesliga 2024-25"]
[Site "Germany"]
[Date "2024.12.01"]
[Round "4.15"]
[White "Hagner, Bennet"]
[Black "Loxine, Jakov"]
[Result "1-0"]
[Annotator "TA"]
[ECO "B35"]
[WhiteElo "2352"]
[BlackElo "2395"]
[PlyCount "89"]
[EventDate "2024.09.27"]
[EventType "team-tourn"]
[EventCountry "GER"]
[SourceTitle "playchess.com"]
[Source "ChessBase"]
[SourceQuality "1"]
[WhiteTeam "Baden-Baden"]
[BlackTeam "TU Dresden"]
[TimeControl "40/5400+30:1800+30"]

1. e4 c5 2. Nc3 Nc6 3. Nge2 g6 4. d4 cxd4 5. Nxd4 Bg7 6. Be3 Nf6 7. Bc4 O-O 8. Bb3 Re8 9. Nxc6 dxc6 10. h3 Qxd1+ {[%emt 0:43:35] The position is equal.} (10... Qc7 {is interesting.} 11. Qf3 b5 12. O-O a5) 11. Rxd1 Nd7 12. O-O b6 13. Rd2 Nf8 14. Rfd1 Be6 15. f4 Bxc3 16. bxc3 f5 {[%emt 0:01:43] Black is weak on the dark squares} 17. exf5 gxf5 18. g4 Bxb3 19. axb3 Ne6 20. Rd7 Kf7 21. Kf2 Kf6 ({Black should play} 21... Rg8 $14) 22. Ra1 {[%emt 0:01:56] White has more active pieces.} a6 (22... a5 $16) 23. Rb7 $36 {[%emt 0:01:36][%mdl 2048] Keeping Black busy.} b5 24. Rb6 Rec8 (24... a5 $16 25. Rxc6 a4) 25. Raxa6 Rxa6 26. Rxa6 {[%emt 0:00:05][%mdl 4096] Endgame. KRB-KRN} h6 27. Kf3 Kg6 28. Ra7 Rc7 29. Ra8 Rd7 30. Rg8+ Kf6 31. Rh8 Kg7 32. Rc8 Rc7 33. Rb8 Kg6 34. Bb6 Rd7 35. Rg8+ Kf6 36. Rh8 Kg6 37. Rg8+ Kf6 $1 38. Rc8 Rd2 39. Rxc6 Rxc2 40. Bd4+ Kf7 {[%emt 0:02:08] [#] ...Nxd4+ would now be deadly.} 41. Be5 (41. gxf5 $2 Nxd4+ 42. cxd4 Rxc6 $19) 41... b4 (41... fxg4+ $142 42. hxg4 b4) 42. gxf5 Ng7 43. f6 ({Much less strong is} 43. Rxh6 Nxf5 44. Rh5 Ke6 45. cxb4 Ra2 $18) 43... Ne6 44. fxe7 bxc3 {[%emt 0:00:00] [#]} (44... Kxe7 $18 45. Ke4 bxc3) 45. Rxe6 $1 {[%emt 0:00:00] Weighted Error Value: White=0.13 (very precise) /Black=0.36.  Mistake:       	---       	Black=5      Inaccurate:     	White=3     	Black=1      OK:         	White=20    	Black=10     Best:        	---       	Black=1      Strong:       	---       	Black=1      Brilliant:      	White=1     	---} 1-0

[Event "German Bundesliga 2024-25"]
[Site "Germany"]
[Date "2024.12.01"]
[Round "4.16"]
[White "Reuker, Jari"]
[Black "Tarlev, Konstantin"]
[Result "1-0"]
[Annotator "TA"]
[ECO "B47"]
[WhiteElo "2408"]
[BlackElo "2555"]
[PlyCount "94"]
[EventDate "2024.09.27"]
[EventType "team-tourn"]
[EventCountry "GER"]
[SourceTitle "playchess.com"]
[Source "ChessBase"]
[SourceQuality "1"]
[WhiteTeam "Werder Bremen"]
[BlackTeam "Viernheim"]
[TimeControl "40/5400+30:1800+30"]

1. e4 c5 2. Nf3 e6 3. d4 cxd4 4. Nxd4 Nc6 5. Nc3 Qc7 6. Be2 Nf6 7. Ndb5 Qb8 8. f4 d6 9. Be3 {[%emt 0:04:05] The position is equal.} Be7 10. g4 a6 11. Nd4 Nxd4 (11... e5 $11 12. Nb3 exf4 13. Bxf4 h6) 12. Qxd4 $14 {[%emt 0:00:13] Strongly threatening g5.} e5 13. Qd1 ({White should play} 13. Qd3 $14) 13... exf4 (13... d5 $1 $11 {keeps the balance.}) 14. Bxf4 $16 h6 15. Qd4 Qa7 16. O-O-O {[%emt 0:16:36][%cal Ba1d1,Bd1d4,Bd4d6,Bd6h6][%mdl 32] White has more active pieces. The black rooks are passive.} (16. Qd3 $16) 16... Qxd4 $11 17. Rxd4 Bxg4 18. Bxg4 Nxg4 19. Bxd6 Bxd6 20. Rxd6 O-O 21. Rg1 Ne5 (21... h5 $14) 22. Rxh6 $16 g6 23. Nd5 (23. Rh5 $16 Rae8 24. Rf5) 23... Kg7 $1 $11 24. Rh3 Rh8 25. Rgg3 Rxh3 26. Rxh3 {[%emt 0:00:03][%mdl 4096] Endgame. KRN-KRN} Re8 27. Rb3 Nc4 28. Rxb7 Rxe4 {[%emt 0:00:01][%cal Re4e1] [#]} 29. Re7 Rd4 (29... Rg4 $1 $11 {remains equal.} 30. Re1 Rg2) 30. Nc3 Rg4 31. b3 Rg1+ 32. Nd1 Nd6 33. Kd2 Rh1 34. Re2 f5 35. c4 Ne4+ (35... g5 $142) 36. Kc2 $16 g5 37. b4 ({Much less strong is} 37. Nc3 Nxc3 38. Kxc3 Kf6) 37... Nd6 $2 {[%emt 0:00:35] Black cannot hold the game after this.} (37... Kf6 $16 38. c5 Ke5) 38. c5 $18 Nb5 39. Rd2 {[%emt 0:00:24] Against Nd4+} Kf6 40. a4 Nc7 (40... Na7 {was necessary.} 41. Nf2 Re1 (41... Rxh2 $2 {is the wrong capture.} 42. Ne4+ fxe4 43. Rxh2 $18) 42. Rd6+ Re6) 41. c6 (41. Nc3 $142) 41... g4 $2 (41... Re1 42. Rd7 Re2+ 43. Kd3 Re7) 42. Nc3 {[%emt 0:06:58] [#] b5 is the strong threat.} f4 43. b5 {[%emt 0:00:36] Hoping for b6.} axb5 44. axb5 g3 45. hxg3 {[%emt 0:00:30] aiming for b6.} fxg3 46. b6 Na6 47. c7 Rh8 {[%emt 0:00:12] Weighted Error Value: White=0.22 (precise) /Black=0.49.  Loses game:     	---       	Black=1      Mistake:       	White=4     	Black=7      Inaccurate:     	White=1     	Black=2      OK:         	White=14    	Black=11     Best:        	White=5     	Black=3      Strong:       	---       	Black=1} 1-0

[Event "German Bundesliga 2024-25"]
[Site "Germany"]
[Date "2024.12.01"]
[Round "4.16"]
[White "Dinstuhl, Volkmar"]
[Black "Krstic, Petar"]
[Result "1/2-1/2"]
[Annotator "TA"]
[ECO "A06"]
[WhiteElo "2380"]
[BlackElo "2270"]
[PlyCount "127"]
[EventDate "2024.09.27"]
[EventType "team-tourn"]
[EventCountry "GER"]
[SourceTitle "playchess.com"]
[Source "ChessBase"]
[SourceQuality "1"]
[WhiteTeam "Muelheim Nord"]
[BlackTeam "Deggendorf"]
[TimeControl "40/5400+30:1800+30"]

1. b3 d5 2. Bb2 c5 3. e3 a6 4. Nf3 Nc6 5. d4 cxd4 6. Nxd4 e6 7. Nxc6 bxc6 8. Nd2 Nf6 9. Bd3 a5 10. O-O Bd6 11. e4 Qc7 12. Bxf6 gxf6 (12... Bxh2+ $6 13. Kh1 gxf6 14. g3 Bxg3 15. fxg3 Qxg3 16. Qh5 $18 (16. Rxf6 Qh3+ 17. Kg1 Rg8+)) 13. Qh5 Bf4 (13... Bb7 $11) 14. Nf3 $14 dxe4 15. Bxe4 f5 16. Bd3 c5 ({Black should play} 16... Kf8 $14) 17. Rfe1 Kf8 18. g3 Rg8 19. Bf1 (19. Qxh7 $6 Bb7 20. Be2 Rg6 21. Qh8+ Ke7 $14) (19. Kf1 $1 $16) 19... Bb7 (19... Rg6 $1 $11 {remains equal.} 20. Qh4 (20. Qxh7 $2 Rh6 $19) 20... Kg7 (20... Bb7 21. Bg2 $15)) 20. Bg2 $16 Bd6 (20... Ra6 $142) 21. Ng5 Rg6 {[%emt 0:05:05] Wards off Qh6+} 22. Bxb7 $1 (22. Nxh7+ $6 Kg7 23. Bxb7 Qxb7 $11) 22... Qxb7 23. Rad1 {[%emt 0:03:14] Chess con chili.} (23. Nxh7+ $6 Kg7 24. Ng5 (24. Rad1 $2 Be7 $19) 24... Rh8 $14) 23... Qc7 {[%emt 0:06:36] [#]} 24. Rd3 $1 (24. Nxh7+ Kg7 25. Rxd6 Qxd6 $17) 24... Rd8 25. Nf3 (25. Nxh7+ Kg7 26. Ng5 Rh8) 25... Kg7 {[%emt 0:05:49] [#]} (25... Kg8 $16) 26. Red1 ({White must play} 26. Nh4 $1 $18) 26... Be7 $11 27. Rxd8 Bxd8 28. Nd2 f4 (28... a4 $14) 29. Ne4 $16 fxg3 30. hxg3 Be7 {[%emt 0:00:18] Prevents Nd6} 31. Qf3 f5 32. Nd2 f4 33. Ne4 fxg3 34. fxg3 Qc6 35. Rf1 Qe8 {[%emt 0:00:43] Prevents Qf7+.} (35... c4 $142) 36. Qc3+ Kg8 37. Qe5 (37. Nxc5 $2 Qc6 38. Rf3 Bxc5+ $19 (38... Qxc5+ $2 39. Kg2 $19)) (37. Qxa5 $142 Rg4 38. Nf6+ (38. Nxc5 $2 Rxg3+ 39. Kf2 Bh4 $19) 38... Bxf6 39. Rxf6 Rxg3+ 40. Kf2) 37... a4 38. Kg2 {[%emt 0:00:29] White has more active pieces.} ({Not} 38. Nxc5 Qb5 (38... Bxc5+ 39. Qxc5 axb3 40. axb3 $16) 39. b4 Qb6 $11) (38. bxa4 $16 {a5 would now be deadly.} Qxa4 39. Qb8+ (39. Nxc5 $2 {is the wrong capture.} Qa7 $19) 39... Kg7 40. Qe5+ Kg8) 38... Qa8 39. Qf4 axb3 40. axb3 Rg7 41. Rf3 h5 42. Kh2 Qa6 43. Rf2 Qa1 44. Nf6+ Bxf6 45. Qxf6 Qxf6 46. Rxf6 $14 {[%emt 0:00:00][%mdl 4096] Endgame KR-KR} c4 47. Rxe6 cxb3 48. cxb3 Rb7 49. Re3 Rb4 50. Kg2 h4 51. gxh4 Rxh4 52. Rf3 Kg7 53. Kf2 Re4 $1 54. Re3 Rd4 $1 55. Ke2 Kf6 56. Rh3 Ke5 57. Rh5+ Kd6 58. Rb5 Kc6 59. Ra5 Rb4 60. Ra3 Rd4 61. Ke3 Rd8 62. Ra4 Kc5 63. Rh4 Rd1 64. Rc4+ 1/2-1/2

[Event "German Bundesliga 2024-25"]
[Site "Germany"]
[Date "2024.12.01"]
[Round "4.16"]
[White "Lutz, Ruben"]
[Black "Kocharin, Timur"]
[Result "0-1"]
[Annotator "RC"]
[ECO "E61"]
[WhiteElo "2284"]
[BlackElo "2245"]
[PlyCount "97"]
[EventDate "2024.09.27"]
[EventType "team-tourn"]
[EventCountry "GER"]
[SourceTitle "playchess.com"]
[Source "ChessBase"]
[SourceQuality "1"]
[WhiteTeam "TU Dresden"]
[BlackTeam "Baden-Baden"]
[TimeControl "40/5400+30:1800+30"]

1. d4 Nf6 2. Nf3 b6 3. Bf4 Bb7 4. h3 g6 5. e3 Bg7 6. Be2 O-O 7. O-O d6 8. c4 Nbd7 9. Nc3 Ne4 10. Nxe4 Bxe4 11. Rc1 e5 12. Bg5 Qe8 13. Qb3 a5 14. Rfd1 a4 15. Qb4 h6 16. Bh4 exd4 17. exd4 g5 18. Bg3 f5 19. c5 bxc5 20. dxc5 Nxc5 21. Bxd6 cxd6 22. Rxd6 Bxf3 23. Bxf3 Ne4 24. Re1 Rb8 25. Qc4+ Qf7 26. Qxf7+ Rxf7 27. Bxe4 fxe4 28. b3 axb3 29. axb3 Rxb3 30. Rxe4 Rb1+ 31. Kh2 Rxf2 32. Re8+ Rf8 33. Re7 Rf7 34. Rd8+ Bf8 35. Re6 Kg7 36. h4 gxh4 37. Rd4 Be7 38. Rd7 Bg5 39. Rxf7+ Kxf7 40. Rc6 Bf4+ 41. Kh3 Rb3+ 42. Kg4 Bg5 43. Rc2 Kg6 44. Rc6+ Bf6 45. Rc2 Rg3+ 46. Kf4 Bg5+ 47. Ke4 Re3+ 48. Kd4 Kf5 49. Rc5+ 0-1